 Dungeon Crawl Stone Soup version 0.31-a0-1223-gfd5aef93c1 (webtiles) character file.

Game seed: 5892317936012105373

440 MacCMillion the Cleaver (level 6, -2/52 HPs)
             Began as a Minotaur Fighter on Dec 14, 2023.
             Killed from afar by Dowan (8 damage)
             ... with a shard of ice
             ... on level 6 of the Dungeon.
             The game lasted 00:02:52 (1935 turns).

MacCMillion the Cleaver (Minotaur Fighter)          Turns: 1935, Time: 00:02:53

Health: -2/52      AC:  6    Str: 23    XL:     6   Next: 70%
Magic:  5/5        EV:  9    Int:  5    God:
Gold:   139        SH:  4    Dex:  9    Spells: 5/5 levels left

rFire   . . .        a - +0 war axe
rCold   . . .        c - +0 buckler
rNeg    . . .        b - +0 scale mail
rPois   .            (helmet restricted)
rElec   .            (no cloak)
rCorr   .            (no gloves)
SInv    .            (no boots)
Will    .....        (no amulet) Stlth
                     (no ring)
HPRegen 0.28/turn    (no ring)
MPRegen 0.09/turn

%: no passive effects
@: no status effects
A: horns 2, retaliatory headbutt
a: no special abilities


You were on level 6 of the Dungeon.
You visited 1 branch of the dungeon, and saw 4 of its levels.

You collected 139 gold pieces.

Inventory:

Hand Weapons
 a - a +0 war axe (weapon)
Armour
 b - a +0 scale mail (worn)
 c - a +0 buckler (worn)
Jewellery
 k - a ring of see invisible
Scrolls
 e - a scroll of noise {unknown}
 f - 3 scrolls of fear {unknown}
 g - a scroll of amnesia {unknown}
 i - a scroll of immolation {unknown}
 l - a scroll of teleportation
 n - 2 scrolls of identify {unknown}
 o - a scroll of blinking {unknown}
 p - a scroll of revelation {unknown}
Potions
 d - a potion of might
 h - a potion of brilliance {unknown}
 j - 2 potions of heal wounds {unknown}
 m - a potion of lignification {unknown}


   Skills:
 - Level 3.6 Fighting
 + Level 8.6 Axes
 - Level 3.6 Armour
 - Level 4.0 Shields


You had 5 spell levels left.
You didn't know any spells.
Your spell library contained the following spells:

 Spells                   Type           Power      Damage    Failure   Level
 Apportation              Tloc           0%         N/A       85%         1
 Necrotise                Necr           0%         1d4       85%         1
 Summon Small Mammal      Summ           0%         N/A       85%         1


Dungeon Overview and Level Annotations

Branches:
Dungeon (3/15)

Altars:

Annotations:
D:3 2 transporters
D:6 Dowan


Innate Abilities, Weirdness & Mutations

You have a pair of horns on your head.
You reflexively headbutt those who attack you in melee.


Message History

Duvessa is severely wounded.
Duvessa hits you with a +0 short sword!
You hit Duvessa but do no damage. You headbutt Duvessa, but do no damage.
Duvessa is severely wounded.
Duvessa hits you with a +0 short sword.
You slash Duvessa!
You kill Duvessa!
Dowan screams, "No!
No!"
Dowan seems to find hidden reserves of power!
You hit Dowan but do no damage. Dowan gestures at you while chanting.
You block the shard of ice. Dowan gestures at you while chanting.
The stone arrow hits you!
Your Axes skill increases to level 8!
You slash Dowan!
Dowan is moderately wounded.
You block Dowan's attack.
You miss Dowan. You headbutt Dowan, but do no damage.
Dowan is moderately wounded.
Dowan barely misses you. Dowan hits you but does no damage.
You completely miss Dowan. Your headbutt misses Dowan.
Dowan is moderately wounded.
Dowan hits you with a +0 dagger.
Dowan points at you and mumbles some strange words.
The stone arrow hits you!
* * * LOW HITPOINT WARNING * * *
You closely miss Dowan. Your headbutt misses Dowan.
Dowan is moderately wounded.
Dowan gestures wildly while chanting.
Dowan blinks!
Dowan mumbles some strange words.
Dowan blinks!
Dowan completely misses you. You furiously retaliate!
You headbutt Dowan! Dowan closely misses you.
You hit Dowan.
Dowan is almost dead.
Dowan casts a spell at you. The shard of ice hits you!
You die...

# #######.#
#.e.....# #.####..#
######### ####.###
.....
#.......#####......#
.###.
#.#####.##e.).##.#.#
># #.....@.#####.#.#
e# #.##.#### #.. .
.. #.##..#.#
#######. #.....†.#
#####.### #.# #.#
#.# #.#


You could see Dowan (fast).

Vanquished Creatures
  Duvessa (D:6)
  An ice beast (D:3)
  A phantom (D:3)
  A hound (D:6)
  8 adders
  2 worms
  3 dart slugs
  4 endoplasms (D:3)
  A giant cockroach (D:2)
  6 goblins
  7 hobgoblins
  4 jackals (D:2)
  3 quokkas
  5 ball pythons
  4 bats
  A frilled lizard (D:3)
  2 kobolds
  7 rats
61 creatures vanquished.

Notes
Turn   | Place    | Note
-------+----------+-------------------------------------------
     0 | D:1      | MacCMillion the Minotaur Fighter began the quest for the
                  | Orb.
     0 | D:1      | Reached XP level 1. HP: 19/19 MP: 0/0
   301 | D:1      | Reached XP level 2. HP: 27/27 MP: 1/1
   329 | D:1      | Reached skill level 3 in Axes
   838 | D:2      | Reached XP level 3. HP: 21/33 MP: 2/2
   924 | D:2      | Reached skill level 4 in Axes
  1069 | D:2      | Reached skill level 5 in Axes
  1069 | D:2      | Reached XP level 4. HP: 38/40 MP: 3/3
  1489 | D:3      | Noticed a phantom
  1494 | D:3      | Killed a phantom
  1495 | D:3      | Reached skill level 6 in Axes
  1495 | D:3      | Reached XP level 5. HP: 35/46 MP: 4/4
  1562 | D:3      | Noticed an ice beast
  1577 | D:3      | Killed an ice beast
  1578 | D:3      | Reached skill level 7 in Axes
  1578 | D:3      | Reached XP level 6. HP: 52/52 MP: 5/5
  1591 | D:3      | Found a transporter.
  1608 | D:3      | Found a transporter.
  1614 | D:3      | Noticed a small abomination
  1614 | D:3      | Noticed a small abomination
  1728 | D:3      | Found a faded altar of an unknown god.
  1878 | D:3      | You fall into a shaft and drop 3 floors!
  1909 | D:6      | Noticed Duvessa
  1913 | D:6      | Noticed Dowan
  1928 | D:6      | Killed Duvessa
  1929 | D:6      | Reached skill level 8 in Axes
  1935 | D:6      | Killed from afar by Dowan

Illustrated notes

Levels and vault maps discovered:
D:1:      dpeg_arrival_round_c, layout_basic, serial_glass, glass_columns_a,
          glass_columns_b, glass_columns_a, glass_columns_b, glass_columns_a,
          glass_columns_b, minmay_tetromino_t2
D:2:      layout_rooms, serial_glass, glass_columns_c, glass_columns_a,
          glass_columns_a, glass_columns_b, nicolae_half_adder
D:3:      layout_basic, minitemple,
          hellmonk_ecumenical_altar_pennies_from_heaven,
          gammafunk_ghost_abyssal_escape
D:6:      layout_loops_cross, uniq_sigmund, uniq_edmund, uniq_duvessa

Skill      XL: |  1  2  3  4  5  6 |
---------------+-------------------+-----
Shields        | 4 |  4.0
Axes           | 3 5 6 7 8 |  8.6
Fighting       | |  3.6
Armour         | |  3.6

Action                     |  1- 3 |  4- 6 || total
---------------------------+-------+-------++-------
  Melee: War axe           |    78 |    63 ||   141
         Headbutt          |     4 |    10 ||    14
 Armour: Scale mail        |    57 |    34 ||    91
  Dodge: Dodged            |    45 |    30 ||    75
  Block: Buckler           |    15 |    12 ||    27

Table legend: (Time is in decaauts)
 A = Elapsed time spent in this place.
 B = Non-inter-level travel time spent in this place.
 C = Inter-level travel time spent in this place.
 D = Time resting spent in this place.
 E = Time spent auto-exploring this place.
 F = Levels seen in this place.
 G = Mean time per level.
                   A        B        C        D        E       F      G
               +--------+--------+--------+--------+--------+-----+--------+
         Total |   1975 |   1915 |     60 |    144 |   1364 |   4 |  493.8 |
       Dungeon |   1975 |   1915 |     60 |    144 |   1364 |   4 |  493.8 |
               +--------+--------+--------+--------+--------+-----+--------+

Top non-repeatable levels by time:
     D:1: 834 daAuts
     D:2: 646 daAuts
     D:3: 436 daAuts
     D:6: 57 daAuts
